 Dungeon Crawl Stone Soup version 0.31-a0-986-g5e6e4ef867 (webtiles) character file.

Game seed: 1349354337189618869

154 Zonian the Magician (level 5, 0/28 HPs)
             Began as a Deep Elf Hedge Wizard on Nov 10, 2023.
             Slain by a gnoll
             ... wielding a +0 whip
              (10 damage)
             ... on level 3 of the Dungeon.
             The game lasted 00:07:30 (3868 turns).

Zonian the Magician (Deep Elf Hedge Wizard)         Turns: 3868, Time: 00:07:32

Health: 0/28       AC:  2    Str:  7    XL:     5   Next: 13%
Magic:  7/14       EV: 13    Int: 21    God:
Gold:   161        SH:  0    Dex: 14    Spells: 8/14 levels left

rFire   . . .        a - +0 dagger
rCold   . . .        (no shield)
rNeg    + . .        b - +0 robe
rPois   .            c - +0 hat
rElec   .            (no cloak)
rCorr   .            (no gloves)
SInv    .            (no boots)
Will    .....        (no amulet)
Stlth   ++           e - ring of positive energy
HPRegen 0.24/turn    (no ring)
MPRegen 0.14/turn

%: no passive effects
@: no status effects
A: no striking features
a: no special abilities


You were on level 3 of the Dungeon.
You visited 1 branch of the dungeon, and saw 3 of its levels.

You collected 161 gold pieces.

Inventory:

Hand Weapons
 a - a +0 dagger (weapon)
Missiles
 l - 2 poisoned darts
Armour
 b - a +0 robe (worn)
 c - a +0 hat (worn)
 f - a +0 buckler
Jewellery
 e - a ring of positive energy (left hand)
 k - a ring of positive energy
Scrolls
 h - 3 scrolls of noise
 n - a scroll of silence {unknown}
Potions
 d - a potion of magic
 g - a potion of heal wounds
 i - 2 potions of attraction
 j - a potion of curing {unknown}
 m - a potion of mutation {unknown}


   Skills:
 + Level 3.5 Dodging
 + Level 3.7 Stealth
 + Level 5.2 Spellcasting
 + Level 2.4 Conjurations
 + Level 2.2 Hexes
 - Level 1.5 Summonings
 - Level 1.4 Translocations


You had 8 spell levels left.
You knew the following spells:

 Your Spells              Type           Power      Damage    Failure   Level
a - Magic Dart            Conj           60%        1d6       3%          1
b - Blink                 Tloc           22%        N/A       9%          2
c - Call Imp              Summ           22%        N/A       9%          2
d - Slow                  Hex            56%        N/A       4%          1

Your spell library contained the following spells:

 Spells                   Type           Power      Damage    Failure   Level
 Kiss of Death            Conj/Necr      40%        2d8       6%          1
 Confusing Touch          Hex            14%        N/A       13%         3
 Cigotuvi's Dreadful Rot  Necr/Pois/Air  10%        N/A       16%         2
 Mephitic Cloud           Conj/Pois/Air  8%         N/A       22%         3
 Dispel Undead            Necr           5%         3d7       71%         4


Dungeon Overview and Level Annotations

Branches:
Dungeon (3/15)

Altars:


Message History

The gnoll completely misses you.
Unknown command.
The magic dart hits the gnoll.
The gnoll is almost dead.
The gnoll hits you with a +0 whip.
The magic dart hits the gnoll.
The gnoll is almost dead.
The gnoll hits you with a +0 whip.
Unknown command.
The gnoll attacks as it pursues you! The gnoll misses you.
The gnoll attacks as it pursues you! The gnoll barely misses you.
The gnoll hits you with a +0 whip. The gnoll attacks as it pursues you!
The gnoll barely misses you. The gnoll hits you with a +0 whip!
The gnoll attacks as it pursues you! The gnoll hits you with a +0 whip.
Casting: Magic Dart (safe; 4% risk of failure)
Confirm with . or Enter, or press ? or * to list all spells.
Aiming: Magic Dart (safe; 4% risk of failure)
Press: ? - help, Shift-Dir - straight line, f/p - gnoll
Aim: a gnoll, wielding a +0 whip (almost dead, 100% to hit)
The magic dart hits the gnoll.
You kill the gnoll!
Unknown command.
Casting: Magic Dart (safe; 3% risk of failure)
Confirm with . or Enter, or press ? or * to list all spells.
Aiming: Magic Dart (safe; 3% risk of failure)
Press: ? - help, Shift-Dir - straight line, f - gnoll
Aim: a gnoll, wielding a +0 whip (100% to hit)
The magic dart hits the gnoll.
The gnoll is lightly wounded.
Unknown command.
Casting: Magic Dart (safe; 3% risk of failure)
Confirm with . or Enter, or press ? or * to list all spells.
Aiming: Magic Dart (safe; 3% risk of failure)
Press: ? - help, Shift-Dir - straight line, f/p - gnoll
Aim: a gnoll, wielding a +0 whip (lightly wounded, 100% to hit)
The magic dart hits the gnoll.
The gnoll is moderately wounded.
The gnoll hits you with a +0 whip!
You die...

## ####........# ######
#.#......# ...... #.##..#.##
###... #.##.##.# ## .. #.<.....#
.# .... ####.#### .# ....# #.#
.##.......#### #.# g...##.......#
#@# g##.##..#....# #g#
.##.#......#.###g#
.##.........g....#
..........#..#.###
###..........#.##################
#..#.....g.#.......##..........
#....#...###.......##.###.#.##.
#.......###........##.# #.#.##.


You could see 2 gnolls.

Vanquished Creatures
  A scorpion (D:2)
  2 gnolls (D:3)
  3 adders
  2 worms
  A dart slug (D:1)
  An orc (D:3)
  3 bats
  6 endoplasms
  A giant cockroach (D:1)
  2 goblins
  3 hobgoblins
  A quokka (D:2)
  A ball python (D:1)
  2 frilled lizards (D:1)
  3 kobolds (D:2)
  10 rats
42 creatures vanquished.

Notes
Turn   | Place    | Note
-------+----------+-------------------------------------------
     0 | D:1      | Zonian the Deep Elf Hedge Wizard began the quest for the
                  | Orb.
     0 | D:1      | Reached XP level 1. HP: 10/10 MP: 7/7
   703 | D:1      | Reached XP level 2. HP: 9/15 MP: 3/9
   818 | D:1      | Found a faded altar of an unknown god.
  1471 | D:2      | Noticed a scorpion
  1648 | D:1      | Learned a level 2 spell: Blink
  1651 | D:1      | Learned a level 2 spell: Call Imp
  1653 | D:1      | Learned a level 1 spell: Slow
  1708 | D:2      | Reached XP level 3. HP: 18/19 MP: 8/11
  1994 | D:2      | Killed a scorpion
  1995 | D:2      | Reached skill level 5 in Spellcasting
  1995 | D:2      | Reached skill level 1 in Hexes
  1995 | D:2      | Reached XP level 4. HP: 18/24 MP: 0/13
  3516 | D:3      | Reached XP level 5. HP: 18/28 MP: 6/14
  3868 | D:3      | Slain by a gnoll

Illustrated notes

Levels and vault maps discovered:
D:1:      lemuel_arrival_behind_the_door_small, layout_loops_ring,
          hellmonk_ecumenical_altar_lost_god, palyth_stone_intersect
D:2:      layout_basic
D:3:      layout_loops_cross, serial_bayou_lagoon_b

Skill      XL: |  1  2  3  4 |
---------------+-------------+-----
Dodging        | 3 |  3.5
Stealth        | 3 |  3.7
Spellcasting   | 5 |  5.2
Conjurations   | 2 |  2.4
Hexes          | 1 2 |  2.2
Summonings     | |  1.5
Translocations | |  1.4

Action                     |  1- 3 |  4- 6 || total
---------------------------+-------+-------++-------
  Melee: Dagger            |     5 |     1 ||     6
   Cast: Magic Dart        |    68 |    79 ||   147
         Slow              |     2 |     1 ||     3
         Call Imp          |     1 |       ||     1
    Use: Scroll            |     3 |     4 ||     7
         Potion            |       |     1 ||     1
   Stab: Sleeping          |     1 |       ||     1
 Armour: Robe              |    16 |    15 ||    31
  Dodge: Dodged            |    18 |    15 ||    33

Table legend: (Time is in decaauts)
 A = Elapsed time spent in this place.
 B = Non-inter-level travel time spent in this place.
 C = Inter-level travel time spent in this place.
 D = Time resting spent in this place.
 E = Time spent auto-exploring this place.
 F = Levels seen in this place.
 G = Mean time per level.
                   A        B        C        D        E       F      G
               +--------+--------+--------+--------+--------+-----+--------+
         Total |   3870 |   3725 |    145 |   1187 |   1951 |   3 | 1290.0 |
       Dungeon |   3870 |   3725 |    145 |   1187 |   1951 |   3 | 1290.0 |
               +--------+--------+--------+--------+--------+-----+--------+

Top non-repeatable levels by time:
     D:2: 1699 daAuts
     D:1: 1497 daAuts
     D:3: 672 daAuts
